 Dungeon Crawl Stone Soup version 0.23-a0-164-g7711e57 (webtiles) character file.

179 glosham the Ruffian (level 5, -1/50 HPs)
             Began as a Troll Abyssal Knight on Sept 10, 2018.
             Was a Follower of Lugonu.
             Slain by an ancient zyme (5 damage)
             ... on level 3 of the Abyss.
             The game lasted 00:05:15 (232 turns).

glosham the Ruffian (Troll Abyssal Knight)           Turns: 232, Time: 00:05:16

Health: -1/50      AC:  5    Str: 20    XL:     5   Next: 33%
Magic:  5/5        EV: 10    Int:  8    God:    Lugonu [*.....]
Gold:   45         SH:  0    Dex: 10    Spells: 4/4 levels left

rFire    . . .     SeeInvis .     - Unarmed
rCold    . . .     Gourm    +   (no shield)
rNeg     . . .     Faith    .   a - +0 robe
rPois    .         Spirit   .   (helmet restricted)
rElec    .         Reflect  .   (no cloak)
rCorr    .         Harm     .   (gloves unavailable)
MR       .....                  (boots unavailable)
Stlth    +.........             (no amulet)
HPRegen  0.00/turn              (no ring)
MPRegen  0.09/turn              (no ring)

@: non-regenerating, diseased
A: large, unfitting armour, claws 3, fast metabolism 3, gourmand, regeneration
1, shaggy fur 1, tough skin 2
a: Depart the Abyss, Renounce Religion


You were on level 3 of the Abyss.
You worshipped Lugonu.
Lugonu was aware of your devotion.
You were not hungry.

You visited 0 branches of the dungeon, and saw 0 of its levels.
You visited the Abyss 1 time.

You collected 45 gold pieces.

Inventory:

Armour
 a - a +0 robe (worn)
Comestibles
 b - 2 rations


   Skills:
 - Level 2.4 Fighting
 - Level 1.9 Dodging
 * Level 5.6 Unarmed Combat
 - Level 1.5 Invocations


You had 4 spell levels left.
You didn't know any spells.
Your spell library was empty.

Dungeon Overview and Level Annotations

Branches:
Dungeon (0/15)

Altars:


Innate Abilities, Weirdness & Mutations

You are too large for most types of armour.
You have claws for hands.
Your metabolism is lightning-fast.
You like to eat raw meat.
Your natural rate of healing is unusually fast.
You are covered in fur. (AC +1)
You have very tough skin. (AC +2)


Message History

Found 29 gold pieces.
Found 16 gold pieces.
You see here 16 gold pieces.
You now have 16 gold pieces.
You see here 29 gold pieces.
You now have 45 gold pieces (gained 29).
A large abomination comes into view.
You are starting to lose your buoyancy.
You float gracefully downwards.
A large abomination comes into view.
Found 25 bolts.
An ancient zyme comes into view.
The ancient zyme moves out of view.
You feel yourself growing ill in the presence of the ancient zyme.
A large abomination comes into view.
You scratch the ancient zyme.
The ancient zyme is lightly damaged.
The ancient zyme completely misses you. The ancient zyme hits you.
You scratch the ancient zyme.
The ancient zyme is lightly damaged.
The ancient zyme hits you! x2; You feel ill.
Unknown command.
You barely miss the ancient zyme.
The ancient zyme is lightly damaged.
The ancient zyme hits you but does no damage.
The ancient zyme hits you!
* * * LOW HITPOINT WARNING * * *
You feel ill.
You scratch the ancient zyme.
The ancient zyme is lightly damaged.
The ancient zyme closely misses you. The ancient zyme barely misses you.
You scratch the ancient zyme.
The ancient zyme is moderately damaged.
The ancient zyme hits you.
* * * LOW HITPOINT WARNING * * *
The ancient zyme closely misses you.
You scratch the ancient zyme.
The ancient zyme is moderately damaged.
The ancient zyme hits you.
You die...

#######.# ##
#...@xX# #.#
#...##..#
#.(####.###
..# # #..#.
## # ..#.#.#
#..#... # ##
. .# #
##..#.##.#
#.####..#..#
.#


You could see an ancient zyme and a large abomination.

Vanquished Creatures
  A ynoxinul (Abyss:2)
  A quasit (Abyss:2)
2 creatures vanquished.

Notes
Turn   | Place    | Note
-------+----------+-------------------------------------------
     0 | Abyss:1  | glosham the Troll Abyssal Knight began the quest for the
                  | Orb.
     0 | Abyss:1  | Reached XP level 1. HP: 22/22 MP: 1/1
    70 | Abyss:2  | Noticed an ancient zyme
    77 | Abyss:2  | Noticed a small abomination
    79 | Abyss:2  | Noticed a ynoxinul
    99 | Abyss:2  | Noticed a spatial vortex
   101 | Abyss:2  | Noticed a small abomination
   106 | Abyss:2  | Noticed a quasit
   119 | Abyss:2  | Noticed a ynoxinul
   143 | Abyss:2  | Killed a quasit
   143 | Abyss:2  | Reached skill level 3 in Unarmed Combat
   143 | Abyss:2  | Reached XP level 2. HP: 21/29 MP: 2/2
   143 | Abyss:2  | Reached XP level 3. HP: 27/36 MP: 3/3
   148 | Abyss:2  | Killed a ynoxinul
   148 | Abyss:2  | Reached skill level 5 in Unarmed Combat
   148 | Abyss:2  | Reached XP level 4. HP: 31/44 MP: 4/4
   148 | Abyss:2  | Reached XP level 5. HP: 35/50 MP: 5/5
   175 | Abyss:3  | Noticed a large abomination
   203 | Abyss:3  | Noticed a large abomination
   224 | Abyss:3  | Noticed an ancient zyme
   226 | Abyss:3  | Noticed a large abomination
   231 | Abyss:3  | HP: 4/50 [ancient zyme (4)]
   232 | Abyss:3  | Slain by an ancient zyme

Vault maps used:
Abyss:1:  hangedman_decor_peaks_small, hangedman_decor_points
Abyss:2:  minivault_20
Abyss:3:  hangedman_abyss_or_decor_clamps, guppyfry_abyss_exit_imp_island

Skill      XL: |  1  2  3 |
---------------+----------+-----
Unarmed Combat | 3 5 |  5.6
Fighting       | |  2.4
Dodging        | |  1.9
Invocations    | |  1.5

Action                   |  1- 3 |  4- 6 || total
-------------------------+-------+-------++-------
Melee: Unarmed           |    24 |     6 ||    30
  Use: Potion            |     1 |       ||     1
Armor: Robe              |    35 |     1 ||    36
Dodge: Dodged            |    47 |     5 ||    52

Table legend:
 A = Non-vault XP
 B = Vault XP
 C = Vault XP percentage of total XP
 D = Non-vault monster count
 E = Vault monster count
 F = Vault count percentage of total count
                 A         B        C        D         E       F
            +---------+---------+-------+---------+---------+-------
      Total |     257 |       0 |   0.0 |       2 |       0 |   0.0
            +---------+---------+-------+---------+---------+-------
    Abyss:2 |     257 |       0 |   0.0 |       2 |       0 |   0.0
            +---------+---------+-------+---------+---------+-------

Table legend:
 A = Turns spent in this place as a percentage of turns spent in the entire game.
 B = Non-inter-level travel turns spent in this place as a percentage of non-inter-level travel turns spent in the entire game.
 C = Inter-level travel turns spent in this place as a percentage of turns spent in this place.
 D = Turns resting spent in this place as a percentage of non-inter-level travel turns spent in this place.
 E = Turns spent auto-exploring this place as a percentage of non-inter-level travel turns spent in this place.
 F = Non-inter-level travel turns spent in this place divided by the number of levels of this place that you've seen.
                   A       B       C       D       E      F
               +-------+-------+-------+-------+-------+----------------------
         Total | 100.0 | 100.0 |   0.0 |   0.0 |   0.0 |  77.3
         Abyss | 100.0 | 100.0 |   0.0 |   0.0 |   0.0 |  77.3
               +-------+-------+-------+-------+-------+----------------------

Table legend:
 A = Kills in this place as a percentage of kills in entire the game.
 B = Kills by you in this place as a percentage of kills by you in the entire game.
 C = Kills by friends in this place as a percentage of kills by friends in the entire game.
 D = Other kills in this place as a percentage of other kills in the entire game.
 E = Experience gained in this place as a percentage of experience gained in the entire game.
 F = Experience gained in this place divided by the number of levels of this place that you have seen.
                   A       B       C       D       E      F
               +-------+-------+-------+-------+-------+----------------------
         Total | 100.0 | 100.0 |   N/A |   N/A | 100.0 |  85.7
         Abyss | 100.0 | 100.0 |   N/A |   N/A | 100.0 |  85.7
               +-------+-------+-------+-------+-------+----------------------

Vault maps used:
Abyss:1:  hangedman_decor_peaks_small, hangedman_decor_points
Abyss:2:  minivault_20
Abyss:3:  hangedman_abyss_or_decor_clamps, guppyfry_abyss_exit_imp_island
